 Dungeon Crawl Stone Soup version 0.26.1-11-gd32895ea62 (webtiles) character file.

Game seed: 12146597734387057112

214 vvl the Slasher (level 5, -8/41 HPs)
             Began as a Demonspawn Monk on June 2, 2021.
             Killed from afar by an orc wizard (13 damage)
             ... with a puff of frost
             ... on level 3 of the Dungeon.
             The game lasted 00:08:06 (4176 turns).

vvl the Slasher (Demonspawn Monk)                   Turns: 4176, Time: 00:08:09

Health: -8/41      AC:  7    Str: 13    XL:     5   Next: 59%
Magic:  5/5        EV:  9    Int: 11    God:
Gold:   156        SH:  4    Dex: 15    Spells: 4/4 levels left

rFire    . . .     SeeInvis .   l - +1 dagger (flame)
rCold    . . .     Faith    .   p - +0 buckler
rNeg     . . .     Spirit   .   t - +0 scale mail
rPois    .         Reflect  .   (helmet restricted)
rElec    .         Harm     .   n - +0 cloak
rCorr    .         Rampage  .   (no gloves)
Will     .....                  (no boots)
Stlth    +.........             (no amulet)
HPRegen  0.13/turn              (no ring)
MPRegen  0.09/turn              (no ring)

@: brilliant
A: claws 2, horns 1, demonic guardian 1
a: no special abilities


You were on level 3 of the Dungeon.
You visited 1 branch of the dungeon, and saw 4 of its levels.

You collected 156 gold pieces.

Inventory:

Hand Weapons
 l - a +1 dagger of flaming (weapon)
Armour
 n - a +0 cloak (worn)
 p - a +0 buckler (worn)
 t - a +0 scale mail (worn)
Scrolls
 e - 3 scrolls of teleportation {unknown}
 g - 3 scrolls of identify {unknown}
 i - a scroll of enchant armour {unknown}
 k - 4 scrolls of magic mapping {unknown}
 q - a scroll of remove curse {unknown}
 s - a scroll of fog {unknown}
Potions
 a - a potion of cancellation {unknown}
 b - a potion of heal wounds {unknown}
 c - a potion of magic {unknown}
 d - 3 potions of attraction {unknown}
 f - a potion of curing {unknown}
 h - a potion of brilliance
 j - a potion of ambrosia {unknown}
 m - a potion of berserk rage {unknown}
 r - a potion of flight {unknown}


   Skills:
 + Level 3.4 Fighting
 * Level 3.7 Long Blades
 + Level 1.3 Armour
 - Level 2.6 Dodging
 - Level 1.7 Stealth
 + Level 0.8 Shields
 + Level 1.3 Unarmed Combat
 * Level 2.6 Necromancy
 + Level 1.6 Evocations


You had 4 spell levels left.
You didn't know any spells.
Your spell library was empty.

Dungeon Overview and Level Annotations

Branches:
Dungeon (4/15)
 Temple: D:4-7

Altars:
Fedhas
Wu Jian


Innate Abilities, Weirdness & Mutations

You have very sharp fingernails.
You have a pair of small horns on your head.
A weak demonic guardian rushes to your aid.


Message History

The orc wizard hits you with a +0 dagger.
* * * LOW HITPOINT WARNING * * *
It was a potion of brilliance.
You feel clever all of a sudden.
The orc wizard hits you with a +0 dagger.
* * * LOW HITPOINT WARNING * * *
The orc wizard looks satisfied for a moment.
Your quasit bites the orc wizard.
Your quasit barely misses the orc wizard.
Your quasit claws the orc wizard.
The orc wizard hits you with a +0 dagger.
* * * LOW HITPOINT WARNING * * *
There is a stone staircase leading up here.
You hit the orc wizard but do no damage.
The orc wizard is heavily wounded.
Your quasit bites the orc wizard.
Your quasit barely misses the orc wizard. x2
The orc wizard casts a spell at you. The puff of frost hits you!
You die...

#....##.#####.# #.<# #.#
#.#.###.# #.# #..# #.# #.#.#
#.# #.# #..# #.# #.#.# #.#
#.# #..# #.## #.#.###.# #.#
#..#####..# #.#..##.#
#.###.....###.#
#.......#####.##...#...##.#
#..###...##.5.o.>....#.[..#
#..# #.....@o.##...#.#.#..#
##.###...##.#####....#.†..##
#...>..###.## #.#######..#
###.##......####....#.....#
#.#...÷...........#.....#
#.#.##########.##.#.#.#.#
#.#.##########.##........
#.......)......#.........
###.##########.#.####.###


You could see an orc wizard (fast), an orc and a friendly quasit (summoned).

Vanquished Creatures
  An orc priest (D:4)
  3 gnolls (D:3)
  4 adders
  An ooze (D:1)
  A worm (D:3)
  A dart slug (D:2)
  2 leopard geckos (D:1)
  3 orcs
  2 ball pythons (D:2)
  8 giant cockroaches
  13 goblins
  6 hobgoblins
  6 kobolds
  3 quokkas
  6 bats
  3 frilled lizards
  6 rats
69 creatures vanquished.

Vanquished Creatures (collateral kills)
  A scorpion (D:4)
  An orc (D:4)
2 creatures vanquished.

Grand Total: 71 creatures vanquished

Notes
Turn   | Place    | Note
-------+----------+-------------------------------------------
     0 | D:1      | vvl the Demonspawn Monk began the quest for the Orb.
     0 | D:1      | Reached XP level 1. HP: 18/18 MP: 1/1
    12 | D:1      | You fall into a shaft and drop 1 floor!
    32 | D:2      | Found a blossoming altar of Fedhas.
   208 | D:1      | Gained mutation: You have sharp fingernails. [demonic
                  | ancestry]
   208 | D:1      | Reached XP level 2. HP: 15/24 MP: 2/2
   321 | D:1      | Reached skill level 1 in Necromancy
  1232 | D:1      | Gained mutation: You have a pair of small horns on your
                  | head. [demonic ancestry]
  1232 | D:1      | Reached XP level 3. HP: 15/29 MP: 3/3
  2493 | D:2      | Reached skill level 1 in Evocations
  2493 | D:2      | Gained mutation: You have very sharp fingernails. [demonic
                  | ancestry]
  2493 | D:2      | Reached XP level 4. HP: 25/35 MP: 4/4
  2901 | D:3      | Reached skill level 1 in Unarmed Combat
  3064 | D:3      | Reached skill level 1 in Armour
  3581 | D:3      | Gained mutation: A weak demonic guardian rushes to your
                  | aid. [demonic ancestry]
  3581 | D:3      | Reached XP level 5. HP: 41/41 MP: 5/5
  3707 | D:3      | Found an ornate altar of the Wu Jian Council.
  4176 | D:3      | Killed from afar by an orc wizard

Illustrated notes

Levels and vault maps discovered:
D:1:      erik_arrival_cave_to_civilisation [erik_arrival_cave_to_hall],
          layout_basic
D:2:      layout_basic, lemuel_round_altar
D:3:      layout_loops_ring, nzn_wu_jian_council_hall
D:4:      layout_gridville, serial_shops, kennysheep_mini_moat,
          nicolae_ru_awakened_eye, uniq_blork_the_orc

Skill      XL: |  1  2  3  4 |
---------------+-------------+-----
Necromancy     | 1 2 |  2.6
Long Blades    | 3 |  3.7
Evocations     | 1 |  1.6
Unarmed Combat | 1 |  1.3
Armour         | 1 |  1.3
Fighting       | |  3.4
Dodging        | |  2.6
Stealth        | |  1.7
Shields        | |  0.8

Action                   |  1- 3 |  4- 6 || total
-------------------------+-------+-------++-------
Melee: Falchion          |    62 |       ||    62
       Dagger            |    54 |   103 ||   157
       Headbutt          |     8 |    17 ||    25
  Use: Potion            |       |     1 ||     1
 Stab: Sleeping          |     6 |     2 ||     8
       Distracted        |     1 |     1 ||     2
Armor: Robe              |    21 |       ||    21
       Leather armour    |     1 |     3 ||     4
       Scale mail        |       |    18 ||    18
Dodge: Dodged            |    72 |    34 ||   106
Block: Buckler           |     4 |    17 ||    21
       Rpst.: Falchion   |    15 |       ||    15
